 Dungeon Crawl Stone Soup version 0.30.1-4-g462c640d31 (webtiles) character file.

Game seed: 17730523640340471801

2 hawla the Firebug (level 1, -2/14 HPs)
             Began as a Meteoran Fire Elementalist on Sept 12, 2023.
             Slain by a gnoll
             ... wielding a +0 spear
              (8 damage)
             ... on level 2 of the Dungeon.
             The game lasted 00:00:20 (49 turns).

hawla the Firebug (Meteoran Fire Elementalist)        Turns: 49, Time: 00:00:20

Health: -2/14      AC:  2    Str:  9    XL:     1   Next: 42%
Magic:  4/5        EV: 12    Int: 18    God:
Gold:   0          SH:  0    Dex: 14    Spells: 4/5 levels left

rFire   . . .        c - +8 dagger of the Valley {heavy, Int+2}
rCold   . . .        (no shield)
rNeg    . . .        a - +0 robe
rPois   .            (no helmet)
rElec   .            (no cloak)
rCorr   .            (no gloves)
SInv    .            (no boots)
Will    .....        (no amulet)
Stlth   +            (no ring)
HPRegen 0.22/turn    (no ring)
MPRegen 0.09/turn

%: no passive effects
@: glowing
A: sense surroundings 1, otherworldly, glowing, explore regen
a: no special abilities


You were on level 2 of the Dungeon.
You visited 1 branch of the dungeon, and saw 2 of its levels.

Inventory:

Hand Weapons
 c - the +8 dagger of the Valley (weapon) {heavy, Int+2}
   (You found it on level 2 of the Dungeon)

   Int:       It affects your intelligence (+2).
Armour
 a - a +0 robe (worn)
Potions
 b - a potion of magic


   Skills:
 + Level 2.4 Dodging
 - Level 1.4 Stealth
 + Level 2.6 Spellcasting
 + Level 1.2 Conjurations
 + Level 3.8 Fire Magic


You had 4 spell levels left.
You knew the following spells:

 Your Spells              Type           Power      Damage    Failure   Level
a - Foxfire               Conj/Fire      44%        2x1d6     6%          1

Your spell library contained the following spells:

 Spells                   Type           Power      Damage    Failure   Level
 Scorch                   Fire           32%        2d6       5%          2
 Inner Flame              Hex/Fire       9%         N/A       22%         3
 Volatile Blastmotes      Fire/Tloc      18%        2d11      22%         3
 Flame Wave               Conj/Fire      11%        2d6       52%         4


Dungeon Overview and Level Annotations

Branches:
Dungeon (2/15) Zot: 1148

Altars:


Innate Abilities, Weirdness & Mutations

You passively map a small area around you.
You are easily found by Zot.
You glow in the dark.
You regain HP and MP as you explore.


Message History

You open the door.
There is an open door here.
Found a stone staircase leading down.
Unknown command.
There is a stone staircase leading down here.
You climb downwards.
Found a slimy dagger.
There is a stone staircase leading up here.
Found a chain mail.
You see here the +8 dagger of the Valley {heavy, Int+2}.
You feel clever.
c - the +8 dagger of the Valley (weapon)
{heavy, Int+2} Setting a skill training target for Short Blades at 10.0.
A frilled lizard comes into view.
The frilled lizard hisses angrily.
The frilled lizard bites you but does no damage.
You closely miss the frilled lizard. The frilled lizard bites you.
The frilled lizard barely misses you.
You puncture the frilled lizard!
You kill the frilled lizard!
No target in view!
A goblin comes into view. It is wielding a +0 club.
Found 7 gold pieces. 2 gnolls come into view.
The gnoll shouts! x2; The goblin shouts! 2 gnolls come into view.
You puncture the goblin!
You kill the goblin!
The gnoll closely misses you. The gnoll hits you with a +0 club.
Things that are here:
a +0 club; a goblin corpse You puncture the gnoll!
The gnoll is severely wounded.
The gnoll misses you. The gnoll completely misses you.
Casting: Foxfire (safe; 6% risk of failure)
Confirm with . or Enter, or press ? or * to list all spells.
You conjure some foxfire!
The gnoll barely misses you. The gnoll hits you with a +0 club.
The gnoll hits you with a +0 spear!
Ouch! That really hurt!
You die...

, .. * #.....
..#######...$
............######
,
.................#
.................#
,
.................#
......gv.........#
,
.....gv@.........#
......gg.#........
...#######..[.....
, . **
####........ , ,
,, ,#........... ,
, #..........., ,,
#........... ,
,#........... ,,
#...........


You could see 4 gnolls.

Vanquished Creatures
  A goblin (D:2)
  A frilled lizard (D:2)
2 creatures vanquished.

Notes
Turn   | Place    | Note
-------+----------+-------------------------------------------
     0 | D:1      | hawla the Meteoran Fire Elementalist began the quest for
                  | the Orb.
     0 | D:1      | Reached XP level 1. HP: 14/14 MP: 5/5
    35 | D:2      | Identified the +8 dagger of the Valley {heavy, Int+2}
    49 | D:2      | Slain by a gnoll

Illustrated notes

Levels and vault maps discovered:
D:1:      minmay_arrival_doors, layout_basic, serial_bayou_ford_a, minmay_vboxes
D:2:      layout_basic, hellmonk_ecumenical_altar_run_dry,
          uniq_crazy_yiuf_cottage, uniq_natasha

Action                     || total
---------------------------++-------
  Melee: Dagger            ||     4
   Cast: Foxfire           ||     1
 Armour: Robe              ||     1
  Dodge: Dodged            ||     5
